[ PARTIDA AOE2 · #484912845 ]
UnrankedMalíes vs Berbers
Equipo del jugador · DERR
Equipo rival · VICT
[ ANÁLISIS DE REPETICIÓN · EXTRAÍDO DE LA PARTIDA GRABADA ]
Feudal
11:12
Castillos
24:12
Imperial
—
| APM promedio | 12.8 |
| APM pico | 39 |
| eAPM promedio | 6.7 |
| Aldeanos / militares | 29 / 19 |
Foco
⚔️ 23.8% · 🌾 76.2%
Gbeto ×12 · Spearman ×7
Feudal
—
Castillos
—
Imperial
—
| APM promedio | 18.6 |
| APM pico | 45 |
| eAPM promedio | 10.9 |
| Aldeanos / militares | 60 / 38 |
Foco
⚔️ 38.9% · 🌾 61.1%
Camel Archer ×22 · Petard ×6 · Battering Ram ×3 · Scout Cavalry ×3 · Mangonel ×2 · Spearman ×2
Mapa de la partida
Recursos iniciales + cada clic de construcción. Líneas = muros · curvas = relieve. ◆ oro · ⬟ piedra · ● bayas · ✦ reliquia · ◌ hueco del cierre
Tu base· Abierta — flanco sin cerrar
Base de camts9382· Abierta — hueco de 5t
Terreno inicial suavizado · ◌ = hueco del cierre detectado · pasá el cursor para detalles
Inputs por minuto
— shepgti - - camts9382
Build order — shepgti
109 acciones detectadas en el replay
| 0:00 | Crear | Villager (Male) |
| 0:01 | Crear | Villager (Male) |
| 0:01 | Crear | Villager (Male) |
| 0:02 | Construir | House |
| 0:04 | Construir | House |
| 0:57 | Crear | Villager (Male) |
| 1:28 | Crear | Villager (Male) |
| 2:00 | Crear | Villager (Male) |
| 2:10 | Construir | Lumber Camp |
| 2:28 | Crear | Villager (Male) |
| 3:12 | Crear | Villager (Male) |
| 3:13 | Crear | Villager (Male) |
| 3:39 | Crear | Villager (Male) |
| 3:42 | Construir | House |
| 4:09 | Crear | Villager (Male) |
| 4:14 | Construir | Mill |
| 4:17 | Crear | Villager (Male) |
| 5:16 | Crear | Villager (Male) |
| 6:10 | Construir | Barracks |
| 6:14 | Crear | Villager (Male) |
| 6:41 | Crear | Villager (Male) |
| 7:07 | Construir | House |
| 8:30 | Construir | House |
| 8:42 | Crear | Villager (Male) |
| 9:02 | Investigar | Feudal Age |
| 9:09 | Construir | House |
| 9:11 | Construir | House |
| 9:42 | Construir | House |
| 9:43 | Construir | House |
| 9:50 | Construir | House |
| 10:11 | Construir | Farm |
| 10:15 | Construir | Farm |
| 10:28 | Construir | Mining Camp |
| 10:50 | Crear | Villager (Male) |
| 11:12 | Edad | Edad Feudal |
| 11:15 | Crear | Spearman |
| 11:16 | Crear | Spearman |
| 11:24 | Crear | Villager (Male) |
| 11:30 | Investigar | Double-Bit Axe |
| 12:12 | Crear | Villager (Male) |
| 12:15 | Construir | Mining Camp |
| 12:23 | Crear | Spearman |
| 12:32 | Crear | Villager (Male) |
| 13:07 | Crear | Villager (Male) |
| 13:44 | Crear | Villager (Male) |
| 13:55 | Crear | Spearman |
| 14:02 | Investigar | Loom |
| 14:42 | Crear | Villager (Male) |
| 15:02 | Crear | Spearman |
| 15:03 | Crear | Spearman |
| 15:13 | Construir | Farm |
| 16:16 | Crear | Spearman |
| 16:25 | Construir | Farm |
| 16:29 | Construir | Farm |
| 16:32 | Crear | Villager (Male) |
| 17:04 | Construir | Farm |
| 17:49 | Construir | Market |
| 17:57 | Construir | Blacksmith |
| 17:59 | Crear | Villager (Male) |
| 18:17 | Construir | Farm |
| 18:24 | Construir | House |
| 18:28 | Construir | House |
| 18:37 | Construir | Farm |
| 18:48 | Construir | House |
| 18:52 | Crear | Villager (Male) |
| 18:53 | Crear | Villager (Male) |
| 19:34 | Construir | Farm |
| 19:36 | Construir | Farm |
| 19:59 | Construir | House |
| 20:01 | Construir | House |
| 20:04 | Construir | House |
| 20:07 | Construir | Palisade Wall |
| 20:27 | Crear | Villager (Male) |
| 20:27 | Crear | Villager (Male) |
| 20:55 | Construir | Palisade Wall |
| 21:00 | Construir | Palisade Wall |
| 21:11 | Construir | Farm |
| 21:32 | Investigar | Castle Age |
| 21:41 | Construir | Farm |
| 21:46 | Investigar | Horse Collar |
| 21:54 | Construir | House |
| 22:45 | Investigar | Wheelbarrow |
| 23:38 | Construir | Farm |
| 23:41 | Construir | House |
| 23:43 | Construir | House |
| 23:46 | Construir | Farm |
| 24:12 | Edad | Edad de los Castillos |
| 25:59 | Construir | Castle |
| 26:59 | Crear | Gbeto |
| 27:00 | Crear | Gbeto |
| 27:00 | Crear | Gbeto |
| 27:00 | Crear | Gbeto |
| 27:00 | Crear | Gbeto |
| 27:03 | Construir | House |
| 27:04 | Construir | House |
| 27:06 | Construir | House |
| 27:12 | Construir | House |
| 27:13 | Construir | House |
| 27:15 | Construir | House |
| 27:36 | Crear | Gbeto |
| 27:36 | Crear | Gbeto |
| 27:37 | Crear | Gbeto |
| 27:37 | Crear | Gbeto |
| 27:39 | Crear | Gbeto |
| 27:50 | Construir | House |
| 27:52 | Construir | House |
| 28:04 | Construir | House |
| 28:06 | Crear | Gbeto |
| 28:06 | Crear | Gbeto |
Build order — camts9382
Primeras 150 de 184 acciones detectadas
| 0:02 | Crear | Villager (Male) |
| 0:03 | Construir | House |
| 0:05 | Construir | House |
| 0:23 | Crear | Villager (Male) |
| 0:24 | Crear | Villager (Male) |
| 0:24 | Crear | Villager (Male) |
| 1:52 | Crear | Villager (Male) |
| 1:53 | Crear | Villager (Male) |
| 2:37 | Crear | Villager (Male) |
| 2:37 | Crear | Villager (Male) |
| 2:47 | Construir | Lumber Camp |
| 3:30 | Construir | House |
| 3:33 | Construir | House |
| 3:37 | Crear | Villager (Male) |
| 3:38 | Crear | Villager (Male) |
| 3:38 | Crear | Villager (Male) |
| 3:38 | Crear | Villager (Male) |
| 4:53 | Crear | Villager (Male) |
| 4:53 | Crear | Villager (Male) |
| 4:54 | Crear | Villager (Male) |
| 4:57 | Crear | Villager (Male) |
| 5:28 | Investigar | Loom |
| 5:44 | Construir | Mill |
| 5:54 | Investigar | Loom |
| 7:06 | Investigar | Feudal Age |
| 8:30 | Construir | Barracks |
| 9:20 | Investigar | Double-Bit Axe |
| 9:22 | Crear | Villager (Male) |
| 9:27 | Construir | House |
| 9:54 | Crear | Villager (Male) |
| 10:18 | Construir | Stable |
| 10:21 | Crear | Villager (Male) |
| 10:40 | Crear | Villager (Male) |
| 11:01 | Crear | Scout Cavalry |
| 11:19 | Crear | Villager (Male) |
| 11:21 | Crear | Scout Cavalry |
| 11:26 | Construir | Mill |
| 11:39 | Crear | Villager (Male) |
| 11:53 | Construir | Blacksmith |
| 12:05 | Investigar | Horse Collar |
| 12:08 | Crear | Scout Cavalry |
| 12:13 | Crear | Spearman |
| 12:18 | Crear | Villager (Male) |
| 12:35 | Construir | Lumber Camp |
| 12:42 | Construir | House |
| 12:44 | Construir | House |
| 12:48 | Construir | Palisade Wall |
| 12:49 | Crear | Villager (Male) |
| 13:02 | Investigar | Forging |
| 13:16 | Construir | Farm |
| 13:28 | Construir | Farm |
| 13:29 | Crear | Villager (Male) |
| 13:35 | Crear | Spearman |
| 14:10 | Crear | Villager (Male) |
| 14:25 | Crear | Villager (Male) |
| 14:28 | Construir | Farm |
| 14:29 | Construir | Farm |
| 14:30 | Construir | Farm |
| 14:30 | Construir | Farm |
| 14:30 | Construir | Farm |
| 14:30 | Construir | Farm |
| 14:54 | Crear | Villager (Male) |
| 14:58 | Construir | Farm |
| 14:58 | Construir | Farm |
| 15:08 | Construir | Farm |
| 15:16 | Construir | House |
| 15:22 | Crear | Villager (Male) |
| 16:07 | Crear | Villager (Male) |
| 16:14 | Construir | Mining Camp |
| 16:28 | Construir | Mining Camp |
| 16:30 | Crear | Villager (Male) |
| 17:38 | Crear | Villager (Male) |
| 17:48 | Investigar | Stone Mining |
| 18:00 | Construir | Market |
| 18:07 | Crear | Villager (Male) |
| 18:14 | Investigar | Wheelbarrow |
| 18:25 | Construir | Farm |
| 18:51 | Crear | Villager (Male) |
| 18:56 | Construir | Farm |
| 18:57 | Construir | Farm |
| 19:03 | Construir | Farm |
| 19:07 | Construir | Farm |
| 19:55 | Investigar | Castle Age |
| 20:08 | Construir | House |
| 20:10 | Construir | House |
| 20:47 | Investigar | Bloodlines |
| 22:09 | Investigar | Town Watch |
| 22:11 | Investigar | Fletching |
| 22:40 | Construir | Castle |
| 23:06 | Crear | Villager (Male) |
| 23:32 | Construir | Siege Workshop |
| 23:36 | Construir | Mining Camp |
| 23:38 | Crear | Camel Archer |
| 23:38 | Crear | Camel Archer |
| 23:48 | Crear | Villager (Male) |
| 24:09 | Investigar | Bodkin Arrow |
| 24:27 | Crear | Villager (Male) |
| 24:27 | Crear | Villager (Male) |
| 24:36 | Crear | Battering Ram |
| 24:52 | Crear | Villager (Male) |
| 25:40 | Crear | Camel Archer |
| 25:41 | Crear | Camel Archer |
| 26:47 | Construir | Castle |
| 27:19 | Crear | Villager (Male) |
| 27:20 | Crear | Villager (Male) |
| 27:34 | Construir | Siege Workshop |
| 27:46 | Investigar | Gold Mining |
| 27:49 | Construir | Mining Camp |
| 28:15 | Crear | Villager (Male) |
| 28:23 | Crear | Battering Ram |
| 28:53 | Crear | Camel Archer |
| 28:53 | Crear | Camel Archer |
| 29:01 | Crear | Villager (Male) |
| 29:01 | Crear | Villager (Male) |
| 29:19 | Crear | Battering Ram |
| 30:28 | Crear | Petard |
| 30:29 | Crear | Petard |
| 30:29 | Crear | Petard |
| 30:29 | Crear | Petard |
| 30:30 | Crear | Petard |
| 30:31 | Crear | Petard |
| 30:33 | Crear | Villager (Male) |
| 30:37 | Construir | Farm |
| 30:37 | Construir | Farm |
| 31:03 | Crear | Villager (Male) |
| 31:05 | Construir | Farm |
| 31:20 | Crear | Villager (Male) |
| 31:41 | Construir | Lumber Camp |
| 31:53 | Crear | Villager (Male) |
| 32:20 | Crear | Mangonel |
| 32:24 | Crear | Mangonel |
| 32:25 | Crear | Villager (Male) |
| 33:52 | Crear | Camel Archer |
| 33:58 | Construir | Farm |
| 34:00 | Construir | Farm |
| 34:00 | Construir | Farm |
| 34:00 | Construir | Farm |
| 34:00 | Construir | Farm |
| 34:01 | Construir | Farm |
| 34:25 | Construir | Lumber Camp |
| 34:28 | Investigar | Bow Saw |
| 34:46 | Crear | Villager (Male) |
| 35:13 | Crear | Villager (Male) |
| 35:16 | Construir | University |
| 35:19 | Construir | House |
| 35:26 | Crear | Villager (Male) |
| 35:51 | Construir | Market |
| 36:20 | Construir | Monastery |
| 36:23 | Construir | House |
| 36:24 | Construir | House |
Cronología de la partida
| 6:10 | shepgti · first_building Barracks |
| 8:30 | camts9382 · first_building Barracks |
| 10:18 | camts9382 · first_building Stable |
| 11:12 | shepgti · age_up feudal |
| 12:48 | camts9382 · wall_segment Palisade Wall x1 |
| 20:07 | shepgti · wall_segment Palisade Wall x1 |
| 20:35 | shepgti · first_market_buy 100 food |
| 20:55 | shepgti · wall_segment Palisade Wall x1 |
| 21:00 | shepgti · wall_segment Palisade Wall x1 |
| 21:30 | shepgti · first_market_sell 100 wood |
| 22:40 | camts9382 · first_building Castle |
| 23:32 | camts9382 · first_building Siege Workshop |
| 24:12 | shepgti · age_up castle |
| 25:59 | shepgti · first_building Castle |
| 26:20 | camts9382 · first_market_sell 100 food |
| 26:23 | camts9382 · first_market_buy 100 stone |
| 36:20 | camts9382 · first_building Monastery |
[ ANÁLISIS IA · 1 CRÉDITO ]
¿Qué pasó realmente en esta partida?
Wolo.gg analiza cada decisión: build order, eco, micro, errores típicos por bracket. Análisis personalizado por WhatsApp o Discord en 30 segundos.
Guía civ
Malíes
Perfil
Jugador #1850652